 Dungeon Crawl Stone Soup version 0.27.1 (webtiles) character file.

Game seed: 10706472968326664418

60216 mediusvir the Basher (level 14, -9/121 HPs)
             Began as a Minotaur Berserker on Sept 1, 2021.
             Was a High Priest of Trog.
             Mangled by a slime creature (11 damage)
             ... on level 2 of the Pits of Slime on Sept 2, 2021.
             The game lasted 01:12:35 (22398 turns).

mediusvir the Basher (Minotaur Berserker)          Turns: 22398, Time: 01:12:37

Health: -9/121     AC:  7    Str: 25 (26) XL:     14   Next: 56%
Magic:  13/13      EV:  9    Int:  4      God:    Trog [*****.]
Gold:   904        SH: 20    Dex: 14      Spells: 13/13 levels left

rFire    + . .     SeeInvis +   W - +7 war axe of Wealth {speed, rF+}
rCold    . . .     Faith    .   x - +0 tower shield
rNeg     . . .     Spirit   .   n - +0 chain mail
rPois    +         Reflect  .   N - +2 hat
rElec    .         Harm     .   (no cloak)
rCorr    +         Rampage  .   H - +3 pair of gloves "Ameciniatz" {Dex+3 SInv}
Will     +++..     Rnd*Tele +   (no boots)
Stlth    ..........             (no amulet)
HPRegen  1.30/turn              J - ring of resist corrosion
MPRegen  0.13/turn              Z - ring of poison resistance

@: strong-willed, corroded, on berserk cooldown, regenerating, slowed, very slow
A: horns 2, retaliatory headbutt, deterioration 1, teleportitis 1
a: Renounce Religion, Berserk, Trog's Hand, Brothers in Arms


You were on level 2 of the Pits of Slime.
You worshipped Trog.
Trog was extremely pleased with you.
You visited 3 branches of the dungeon, and saw 17 of its levels.

You collected 1160 gold pieces.
You spent 256 gold pieces at shops.

Inventory:

Hand Weapons
 W - the +7 war axe of Wealth (weapon) {speed, rF+}
   (You found it on level 5 of the Lair of Beasts)

   Attacks with this weapon are significantly faster.
   rF:        It protects you from fire.
Armour
 k - +0 ice dragon scales
 n - a +0 chain mail (worn)
 x - a +0 tower shield (worn)
 H - the +3 pair of gloves "Ameciniatz" (worn) {Dex+3 SInv}
   (You bought it in a shop on level 7 of the Dungeon)

   Dex:       It affects your dexterity (+3).
   SInv:      It lets you see invisible.
 N - a +2 hat (worn)
Jewellery
 a - a ring of magical power
 J - a ring of resist corrosion (left hand)
 K - a ring of ice
 Z - a ring of poison resistance (right hand)
Wands
 p - a wand of flame (45)
 y - a wand of iceblast (1)
 z - a wand of acid (17)
 C - a wand of paralysis (24)
 D - a wand of polymorph (38) (quivered)
 F - a wand of mindburst (8)
 Q - a wand of charming (4)
 R - a wand of digging (4)
Scrolls
 d - 3 scrolls of enchant weapon
 g - a scroll of fog {unknown}
 h - 6 scrolls of fear
 i - 7 scrolls of identify
 j - a scroll of teleportation
 l - a scroll of torment
 m - a scroll of acquirement
 t - 2 scrolls of blinking
 E - a scroll of holy word {unknown}
 I - a scroll of enchant armour {unknown}
 L - a scroll of amnesia
 M - 3 scrolls of noise
 U - 2 scrolls of vulnerability
 Y - a scroll of brand weapon
Potions
 b - a potion of ambrosia
 c - 2 potions of curing
 e - a potion of attraction {unknown}
 f - 4 potions of haste
 q - a potion of berserk rage
 r - 3 potions of flight
 s - a potion of degeneration
 u - a potion of heal wounds
 A - a potion of might {unknown}
 B - a potion of mutation {unknown}
 O - a potion of experience {unknown}
 P - 4 potions of lignification
 S - a potion of magic
Miscellaneous
 T - a piece from Xom's chessboard (15/15)
 X - a lightning rod (4/4)


   Skills:
 - Level 10.1 Fighting
 * Level 14.8(17.2) Axes
 - Level 14.9(17.2) Maces & Flails
 + Level 12.9 Armour
 * Level 6.3 Dodging
 - Level 0.1 Stealth
 - Level 13.8 Shields
 + Level 0.7 Evocations


You had 13 spell levels left.
You didn't know any spells.
Your spell library was empty.

Dungeon Overview and Level Annotations

Branches:
Dungeon (9/15)             Temple (0/1) D:5            Lair (6/6) D:9
  Slime (2/5) Lair:5
  Swamp: Lair:2-4    Shoals: Lair:2-4     Snake: Lair:2-4    Spider: Lair:2-4
    Orc: D:9-12

Altars:
Okawaru
The Shining One
Jiyva

Shops:
D:4 [   D:7 *   D:9 (=

Portals:
Abyss: Lair:3

Annotations:
Lair:3 2 transporters, Papr's ghost, journeyman DsAK


Innate Abilities, Weirdness & Mutations

You have a pair of horns on your head.
You reflexively headbutt those who attack you in melee.
Your body sometimes deteriorates upon taking damage.
You are occasionally teleported next to monsters.


Message History

You hit the slime creature but do no damage.
You hit the slime creature. You slash the slime creature!
You slash the slime creature!
The slime creature is severely wounded.
You hit the slime creature. You slash the slime creature! x2
You block the slime creature's attack. The slime creature closely misses you.
The slime creature hits you. The slime creature hits you!!
* * * LOW HITPOINT WARNING * * *
You slice the slime creature!!
Your headbutt misses the slime creature.
The slime creature is almost dead.
You hit the slime creature but do no damage.
You slash the slime creature! You slice the slime creature!!
You are no longer berserk.
You are exhausted.
You feel yourself slow down.
You barely miss the slime creature. You headbutt the slime creature.
The slime creature is almost dead.
You slash the slime creature! x2; You completely miss the slime creature.
You block the slime creature's attack. x2
The slime creature hits you but does no damage.
The slime creature hits you!
* * * LOW HITPOINT WARNING * * *
Your skin crawls.
You feel strong-willed.
You block the slime creature's attack. x3; The slime creature hits you.
* * * LOW HITPOINT WARNING * * *
The slime creature hits you!
* * * LOW HITPOINT WARNING * * *
Your body deteriorates!
You feel weakened. The slime creature barely misses you.
The slime creature hits you but does no damage. x2
You slash the slime creature!
You kill the slime creature!
Trog accepts your kill.
Your shield and chain mail prevent you from hitting the slime creature.
Your chain mail prevents you from hitting the slime creature.
You slash the slime creature! You block the slime creature's attack.
The slime creature hits you!
You die...

...... ####
...#.# ###.#.#
#......
##......#.......
................
.......#........
........JJ......
#....@.....<.
.........J......
................
.......>......#.
..............#
..#...........#
................
.........#...#.


You could see 3 slime creatures.

Vanquished Creatures
  3 acid blobs
  Gastronok (Lair:2)
  3 hydras
  An ice dragon (Lair:6)
  A catoblepas (Lair:5)
  2 two-headed ogres (D:9)
  6 death yaks
  2 lindwurms (Lair:6)
  Pikel (D:7)
  2 bog bodies (Lair:3)
  A wolf spider (Lair:6)
  6 black mambas
  14 elephants
  Joseph (D:7)
  An eye of devastation (Slime:2)
  15 cane toads
  Maggie (D:7)
  6 torpor snails (Lair:6)
  2 rime drakes
  6 komodo dragons
  7 hornets
  A tyrant leech (Lair:6)
  11 polar bears
  3 raiju (Lair:6)
  13 blink frogs
  8 slime creatures
  7 wyverns
  2 basilisks
  58 yaks
  A swamp worm (Lair:3)
  4 wargs (Lair:6)
  14 hell hounds (Lair:6)
  An acid dragon (D:9)
  17 water moccasins
  17 wolves
  13 black bears
  2 centaurs
  2 ogres
  2 phantoms
  9 bullfrogs
  A gnoll sergeant (D:4)
  3 scorpions
  A water moccasin skeleton (D:5)
  5 killer bees (D:9)
  3 wights (D:6)
  2 electric eels (Lair:3)
  3 howler monkeys (D:8)
  2 centaur zombies
  2 jellies
  3 hounds
  2 centaur skeletons
  3 orc priests
  Crazy Yiuf (D:4)
  Jessica (D:3)
  Natasha (thrice) (D:4)
  7 iguanas
  2 orc wizards (D:9)
  6 hell rats
  A killer bee zombie (D:6)
  A howler monkey zombie (D:9)
  Robin (D:2)
  7 gnolls
  5 adders
  A shadow imp (D:6)
  An ufetubus (D:4)
  An adder skeleton (D:4)
  A worm (D:2)
  5 dart slugs
  31 orcs
  5 bats
  2 endoplasms
  5 giant cockroaches
  14 goblins
  4 hobgoblins
  2 quokkas
  14 ball pythons
  4 frilled lizards
  A goblin skeleton (D:6)
  A goblin zombie (D:6)
  A hobgoblin zombie (D:6)
  5 kobolds
  2 kobold skeletons (D:6)
  A kobold zombie (D:6)
  3 orc skeletons (D:6)
  2 orc zombies (D:6)
  8 rats
446 creatures vanquished.

Vanquished Creatures (collateral kills)
  A basilisk (Lair:2)
1 creature vanquished.

Vanquished Creatures (others)
  56 fungi
  131 plants
  2 withered plants (D:2)
189 creatures vanquished.

Grand Total: 636 creatures vanquished

Notes
Turn   | Place    | Note
-------+----------+-------------------------------------------
     0 | D:1      | mediusvir the Minotaur Berserker began the quest for the
                  | Orb.
     0 | D:1      | Reached XP level 1. HP: 19/19 MP: 0/0
   128 | D:1      | Reached XP level 2. HP: 11/27 MP: 1/1
   717 | D:2      | Found a faded altar of an unknown god.
   902 | D:1      | Reached XP level 3. HP: 22/33 MP: 2/2
   999 | D:2      | Reached ** piety under Trog
  1077 | D:2      | Noticed Robin
  1092 | D:2      | Killed Robin
  1166 | D:2      | Found an iron altar of Okawaru.
  1478 | D:2      | Reached skill level 1 in Maces & Flails
  1480 | D:2      | Reached XP level 4. HP: 33/41 MP: 3/3
  1743 | D:3      | Noticed Jessica
  1751 | D:3      | Killed Jessica
  2114 | D:3      | Reached *** piety under Trog
  2144 | D:3      | Identified a scroll of acquirement
  2409 | D:3      | Reached skill level 5 in Fighting
  2466 | D:3      | Reached XP level 5. HP: 41/48 MP: 4/4
  2535 | D:4      | Noticed Natasha
  2540 | D:4      | Killed Natasha
  2568 | D:4      | Noticed an ogre
  2591 | D:4      | Killed an ogre
  2670 | D:4      | Reached XP level 6. HP: 34/56 MP: 5/5
  2847 | D:4      | Found a sand-covered staircase.
  3003 | D:4      | Reached skill level 1 in Shields
  3066 | D:4      | Reached skill level 5 in Maces & Flails
  3096 | D:4      | Noticed Natasha
  3106 | D:4      | Killed Natasha
  3366 | D:4      | Found Qytho's Antique Armour Emporium.
  3380 | D:4      | Noticed Natasha
  3386 | D:4      | Killed Natasha
  3406 | D:4      | Found a runed translucent door.
  3407 | D:4      | Noticed Crazy Yiuf
  3413 | D:4      | Killed Crazy Yiuf
  3414 | D:4      | Reached XP level 7. HP: 61/61 MP: 6/6
  3800 | D:5      | Entered Level 5 of the Dungeon
  4610 | D:5      | Found a staircase to the Ecumenical Temple.
  4962 | D:6      | Reached **** piety under Trog
  4963 | D:6      | Reached skill level 5 in Armour
  4963 | D:6      | Reached XP level 8. HP: 41/69 MP: 7/7
  5369 | D:6      | Found a glowing golden altar of the Shining One.
  5925 | D:7      | Noticed Joseph
  5942 | D:7      | Killed Joseph
  6331 | D:7      | Reached skill level 5 in Shields
  6391 | D:7      | Reached XP level 9. HP: 42/78 MP: 8/8
  6490 | D:7      | Noticed Maggie
  6501 | D:7      | Killed Maggie
  6667 | D:7      | Found Afolof's Assorted Antiques.
  6668 | D:7      | Noticed Pikel
  6680 | D:7      | Killed Pikel
  6681 | D:7      | Reached skill level 10 in Maces & Flails
  6725 | D:7      | Bought a scroll of identify for 38 gold pieces
  6725 | D:7      | Bought a scroll of identify for 38 gold pieces
  6725 | D:7      | Bought a pair of twisted gloves for 180 gold pieces
  6725 | D:7      | Identified the +3 pair of gloves "Ameciniatz" {Dex+3 SInv}
                  | (You bought it in a shop on level 7 of the Dungeon)
  7583 | D:9      | Found a staircase to the Lair.
  7990 | D:8      | Reached XP level 10. HP: 86/86 MP: 9/9
  8844 | D:9      | Noticed a two-headed ogre
  8857 | D:9      | Killed a two-headed ogre
  8973 | D:9      | Found Zaja's Hydra Hut.
  8980 | D:9      | Noticed a four-headed hydra
  9168 | D:9      | Found Wiewox's Jewellery Shoppe.
  9489 | D:9      | Noticed a two-headed ogre
  9501 | D:9      | Killed a two-headed ogre
  9502 | D:9      | Reached XP level 11. HP: 60/94 MP: 10/10
  9518 | D:9      | Reached skill level 10 in Shields
 10834 | Lair:1   | Entered Level 1 of the Lair of Beasts
 10954 | Lair:1   | Reached skill level 10 in Armour
 11438 | Lair:1   | Noticed a seven-headed hydra
 11444 | Lair:1   | Killed a seven-headed hydra
 12107 | Lair:2   | Noticed Gastronok
 12128 | Lair:2   | Killed Gastronok
 12828 | Lair:2   | Reached XP level 12. HP: 33/104 MP: 11/11
 13317 | Lair:2   | Noticed a seven-headed hydra
 13325 | Lair:2   | Killed a seven-headed hydra
 13722 | Lair:2   | Noticed a death yak
 13740 | Lair:2   | Killed a death yak
 14296 | Lair:3   | Noticed a seven-headed hydra
 14314 | Lair:3   | Killed a seven-headed hydra
 14485 | Lair:3   | Noticed a death yak
 14486 | Lair:3   | Noticed a death yak
 14486 | Lair:3   | Noticed a death yak
 14486 | Lair:3   | Noticed a death yak
 14486 | Lair:3   | Noticed a death yak
 14515 | Lair:2   | Killed a death yak
 15315 | Lair:4   | You fall into a shaft and drop 1 floor!
 15742 | Lair:5   | Reached skill level 10 in Fighting
 16524 | Lair:5   | Identified the +7 war axe of Wealth {speed, rF+}
 16544 | Lair:5   | Reached ***** piety under Trog
 16548 | Lair:5   | Reached XP level 13. HP: 109/113 MP: 12/12
 16590 | Lair:5   | Reached skill level 5 in Axes
 16919 | Lair:5   | Found a runed translucent door.
 16920 | Lair:5   | Found a viscous altar of Jiyva.
 16927 | Lair:5   | Found a staircase to the Slime Pits.
 16927 | Lair:5   | Noticed an acid blob
 16945 | Lair:5   | Killed an acid blob
 18381 | Lair:3   | Noticed Papr's ghost (journeyman DsAK)
 18398 | Lair:3   | Found a one-way gate to the infinite horrors of the Abyss.
 18399 | Lair:3   | Found a transporter.
 18450 | Lair:3   | Found a transporter.
 18669 | Lair:3   | Reached skill level 10 in Axes
 18782 | Lair:6   | Entered Level 6 of the Lair of Beasts
 18832 | Lair:5   | Received a gift from Trog
 19177 | Lair:5   | Reached skill level 5 in Dodging
 19923 | Lair:6   | Reached XP level 14. HP: 121/121 MP: 13/13
 20579 | Lair:6   | Found a runed translucent door.
 20715 | Lair:6   | Received a gift from Trog
 20992 | Lair:6   | Identified the +1 scale mail of Kueveig {rElec rC+}
 21023 | Lair:6   | Paralysed by a hornet for 2 turns
 22362 | Slime:1  | Entered Level 1 of the Pits of Slime
 22362 | Slime:1  | Noticed an acid blob
 22362 | Slime:1  | Noticed an acid blob
 22365 | Slime:1  | Gained mutation: Your body sometimes deteriorates upon
                  | taking damage. [a shining eye]
 22367 | Slime:1  | Gained mutation: You are occasionally teleported next to
                  | monsters. [a shining eye]
 22368 | Slime:2  | Noticed an acid blob
 22375 | Slime:2  | Killed an acid blob
 22386 | Slime:2  | Killed an acid blob
 22397 | Slime:2  | HP: 1/121 [slime creature (14)]
 22398 | Slime:2  | Mangled by a slime creature

Illustrated notes

Levels and vault maps discovered:
D:1:      minmay_arrival_semitransparent, layout_basic, serial_shops,
          nicolae_shop_behind_doors, dk_noncrumbling_4
D:2:      layout_basic, ebering_ecumenical_altar_petrified, basic_altar,
          minmay_tripent, uniq_robin
D:3:      layout_loops_cross, kennysheep_nub, grunt_ministairs_1,
          grunt_decor_arrowhead, uniq_jessica
D:4:      layout_basic, serial_shops, shop,
          nicolae_ossuary_entry_false_entrances, uniq_crazy_yiuf_cottage,
          uniq_natasha
D:5:      layout_rooms, minmay_temple_entry_arrows
D:6:      layout_loops_ring, nicolae_tso_besieged_by_evil
D:7:      layout_basic, serial_shops, shop, uniq_pikel, uniq_joseph, uniq_maggie
D:8:      black_bear_nest_1, layout_loops_ring
D:9:      layout_stronghold, minmay_lair_entry_grove, serial_column_ruins,
          column_ruins_hut_ruined, column_ruins_columns_plus,
          column_ruins_open_medium_water, column_ruins_open_medium_water,
          column_ruins_columns_dead_end, column_ruins_grid_1, serial_shops,
          shop, doesnt_shop_hydraphobe
Lair:1:   layout_big_grid
Lair:2:   nzn_winding_woodlands_small [nzn_winding_woodlands_5x15_sawtooth,
          nzn_winding_woodlands_center_garden,
          nzn_winding_woodlands_5x15_parted], layout_layer_cave,
          wad_woods_road_02, chequers_serial_rivers_micro_b, uniq_gastronok
Lair:3:   layout_misc_corridors, nicolae_swamp_entry_splash_gauntlet,
          nicolae_spider_entry_tight_spaces, gammafunk_ghost_abyssal_escape,
          serial_bayou_shore_a
Lair:4:   layout_cave_pods, grunt_megastairs_1
Lair:5:   layout_cave_pods, slime_altar_2
Lair:6:   wormcave, layout_small_grid, hangedman_lair_caniforms_friends,
          serial_bayou_crossing, lemuel_fruit_tree
Slime:1:  layout_caves
Slime:2:  cheibrodos_slime_lost_civilization_8, layout_caves

Skill      XL: |  1  2  3  4  5  6  7  8  9 10 11 12 13 14 |
---------------+-------------------------------------------+-----
Axes           | 4 12 14 | 14.8
Fighting       | 4 5 6 7 8 9 10 | 10.1
Maces & Flails | 1 2 4 5 7 9 10 12 14 | 14.9
Armour         | 3 5 6 8 9 10 12 | 12.9
Shields        | 1 3 5 7 9 11 13 | 13.8
Dodging        | 5 6 |  6.3
Stealth        | |  0.1
Evocations     | |  0.7

Action                   |  1- 3 |  4- 6 |  7- 9 | 10-12 | 13-15 || total
-------------------------+-------+-------+-------+-------+-------++-------
Melee: Hand axe          |    58 |       |       |       |       ||    58
       Headbutt          |    12 |    23 |    62 |   236 |   167 ||   500
       Club              |    22 |   123 |   274 |   754 |       ||  1173
       War axe           |       |       |       |     6 |   569 ||   575
Invok: Berserk           |     2 |     3 |    14 |    23 |     9 ||    51
       Trog's Hand       |       |       |     3 |     3 |     4 ||    10
       Brothers in Arms  |       |       |     1 |     1 |       ||     2
Evoke: Wand              |       |       |       |     4 |       ||     4
  Use: Potion            |       |     2 |     4 |     2 |     1 ||     9
       Scroll            |       |     1 |     7 |     1 |     5 ||    14
 Stab: Petrified         |       |       |       |       |     1 ||     1
Armor: Animal skin       |    33 |     1 |       |       |       ||    34
       Ring mail         |       |     6 |       |       |       ||     6
       Chain mail        |       |    24 |   146 |   208 |   207 ||   585
Dodge: Dodged            |    83 |    61 |    68 |   109 |   133 ||   454
Block: Kite shield       |       |    46 |    54 |       |       ||   100
       Tower shield      |       |       |   201 |   636 |   633 ||  1470
